 Dungeon Sprint DCSS version 0.27.0-1-g7a089689b8 (webtiles) character file.

Game seed: 7304058619500723013

278493 Groucho the Acrobat (level 12, 51/51 HPs)
             Began as a Spriggan Enchanter on Aug 5, 2021.
             Was the Champion of Dithmenos.
             Escaped with the Orb!
             The game lasted 00:26:35 (4649 turns).

Groucho the Acrobat (Spriggan Enchanter)            Turns: 4649, Time: 00:26:35

Health: 51/51      AC:  5    Str:  8    XL:     12   Next: 81%
Magic:  37/37      EV: 31    Int: 18    God:    Dithmenos [******]
Gold:   419        SH:  0    Dex: 15    Spells: 39/51 levels left

rFire    + . .     SeeInvis +   q - +2 dagger (elec)
rCold    . . .     Faith    .   (shield restricted)
rNeg     . . .     Spirit   .   k - +3 robe of Clouds {+Thunder rCloud rElec}
rPois    .         Reflect  .   (helmet restricted)
rElec    +         Harm     .   (no cloak)
rCorr    .         Rampage  .   (gloves unavailable)
Will     +++..     NoTele   +   (boots unavailable)
Stlth    +++++.....             (no amulet)
HPRegen  0.17/turn              a - ring "Gatuh" {rElec rF+ Will+}
MPRegen  0.25/turn              A - ring of flight

@: flying, hasted, wreathed by umbra, very quick
A: very small, no large weapons, unfitting armour, see invisible, speed 3,
inability to read while threatened
0: Orb of Zot
a: Renounce Religion, Evoke Thunderclouds, Shadow Step, Shadow Form


You escaped.
You worshipped Dithmenos.
Dithmenos was exalted by your worship.
You visited 1 branch You collected 3274 gold pieces.
You spent 2855 gold pieces at shops.

Inventory:

Hand Weapons
 p - a +2 shortbow of freezing
 q - a +2 dagger of electrocution (weapon)
 x - the +11 trident "Concordance" {venom, Fly rCorr}
   (You bought it in a shop in the Dungeon)

   It poisons the flesh of those it strikes.
   Fly:       It grants you flight.
   rCorr:     It protects you from acid and corrosion.
Missiles
 i - 9 curare-tipped darts (quivered)
 l - 87 stones
 m - 40 arrows
Armour
 d - +0 shadow dragon scales
 k - the +3 robe of Clouds (worn) {+Thunder rCloud rElec}
   (You bought it in a shop in the Dungeon)

   It can be evoked to surround the wearer with storm clouds, with success rate
   depending on Evocations skill.
   rElec:     It insulates you from electricity.
Jewellery
 a - the ring "Gatuh" (left hand) {rElec rF+ Will+}
   (You bought it in a shop in the Dungeon)

   [ring of protection from fire]

   rF:        It protects you from fire.
   rElec:     It insulates you from electricity.
   Will:      It increases your willpower.
 r - a ring of protection from fire
 A - a ring of flight (right hand)
Wands
 h - a wand of mindburst (18)
 n - a wand of acid (2)
 o - a wand of flame (33)
 v - a wand of digging (2)
Scrolls
 b - 2 scrolls of magic mapping {unknown}
 j - 2 scrolls of identify {unknown}
 w - a scroll of immolation {unknown}
 y - a scroll of blinking
 B - a scroll of brand weapon {unknown}
Potions
 c - a potion of curing
 f - 3 potions of magic
 g - 2 potions of lignification {unknown}
 s - a potion of mutation {unknown}
 t - a potion of heal wounds
 u - a potion of flight {unknown}
 z - a potion of experience
 C - a potion of brilliance {unknown}


   Skills:
 + Level 0.0 Fighting
 - Level 10.0 Short Blades
 + Level 21.6 Dodging
 - Level 20.3 Stealth
 - Level 20.2 Spellcasting
 - Level 15.0 Hexes
 - Level 7.0 Ice Magic


You had 39 spell levels left.
You knew the following spells:

 Your Spells              Type           Power      Damage    Failure   Level
a - Corona                Hex            71%        N/A       0%          1
b - Ensorcelled Hibernat  Hex/Ice        100%       N/A       1%          2
c - Confusing Touch       Hex            64%        N/A       1%          3
d - Tukima's Dance        Hex            64%        N/A       1%          3
e - Dazzling Flash        Conj/Hex       90%        N/A       1%          3

Your spell library contained the following spells:

 Spells                   Type           Power      Damage    Failure   Level
 Portal Projectile        Hex/Tloc       90%        N/A       1%          3
 Leda's Liquefaction      Hex/Erth       22%        N/A       1%          4
 Call Canine Familiar     Summ           18%        N/A       9%          3


Dungeon Overview and Level Annotations

Branches:
Dungeon (1/1)

Altars:
Cheibriados
Dithmenos
Elyvilon
Fedhas
Gozag
Hepliaklqana
Kikubaaqudgha
Makhleb
Nemelex Xobeh
Okawaru
Qazlal
Ru
Sif Muna
Trog
Uskayaw
Vehumet
Wu Jian
Xom
Yredelemnul
Zin
The Shining One
Jiyva
Lugonu

Shops:
D ?((*=(!(=*!?(?(([!:[(*

Annotations:
D Tiamat


Innate Abilities, Weirdness & Mutations

You are very small and have problems with some larger weapons.
You are too small for most types of armour.
You have supernaturally acute eyesight. (SInv)
You cover ground extremely quickly. (Speed+++)
You sometimes lose the ability to read scrolls when taking damage.


Message History

> or
r - a ring of protection from fire You remove your ring of protection from fire.
You fly up into the air.
A - a ring of flight (right hand) Unknown command.
Unknown command.
Okay, then.
You feel yourself speed up.
Tiamat, Avatar of the Dragonlord comes into view.
She is wielding a +1 vorpal glaive and wearing the +4 dragonskin cloak.
You see here the Orb of Zot.
You pick up the Orb of Zot!
The Orb lets out a hideous shriek!
The lords of Pandemonium are not amused.
Beware!
Now all you have to do is get back out of the dungeon!
Tiamat roars!
You see here 27 gold pieces.
You now have 419 gold pieces (gained 27).
Things that are here:
a +2 great sword of flaming; a fire giant corpse
Things that are here:
a +1 great sword of flaming; a fire giant corpse
There is an open door here.
There is an open door here.
There is an open door here.
There is an open door, spattered with blood here.
There is an open door here.
There is an open door here.
There is an open door here.
There is an open door here.
There is a viscous altar of Jiyva here.
There is an open door here.
There is an open door here.
Things that are here:
a +0 scythe; a +0 robe
There is an open door, spattered with blood here.
You see here a +0 giant club.
There is an open door here.
There is an open door here.
There is a staircase leading out of the dungeon here.
You can't go down here!
You have escaped!

##################
#@.#..'..#.)'..#__
#..'..#.)'..#..'..
#..#####+#####'#__
#).####..#...#)###
#..#__####..##.#§§
#..#_____##'#_.'§§
#⌠⌠#_.∩...'..._#§§
####_..__##_.#'##§
#_____###'#.#..


There were no monsters in sight!

Vanquished Creatures
  A golden dragon (D)
  A shadow dragon (D)
  4 fire giants (D)
  A hydra (D)
  2 centaur warriors (D)
  Sonja (D)
  A deep troll (D)
  A lindwurm (D)
  8 shining eyes (D)
  An oklob plant (D)
  2 kobold demonologists (D)
  7 unseen horrors (D)
  4 demonic crawlers (D)
  A hornet (D)
  A slime creature (D)
  Sigmund (D)
  2 redbacks (D)
  A yak (D)
  13 hogs (D)
  7 floating eyes (D)
  7 necrophages (D)
  An ogre (D)
  8 jellies (D)
  Ijyb (D)
77 creatures vanquished.

Vanquished Creatures (others)
  A gargoyle (D)
  2 ballistomycete spores (D)
3 creatures vanquished.

Grand Total: 80 creatures vanquished

Notes
Turn   | Place    | Note
-------+----------+-------------------------------------------
     0 | D        | Groucho the Spriggan Enchanter began the quest for the Orb.
     0 | D        | Reached XP level 1. HP: 9/9 MP: 5/5
     2 | D        | Noticed Ijyb
    24 | D        | Killed Ijyb
    25 | D        | Reached skill level 10 in Stealth
    25 | D        | Reached XP level 2. HP: 12/13 MP: 6/6
   288 | D        | Killed a gargoyle
   298 | D        | Noticed an ogre
   300 | D        | Killed an ogre
   301 | D        | Reached XP level 3. HP: 16/16 MP: 8/8
   301 | D        | Reached XP level 4. HP: 21/21 MP: 9/9
   314 | D        | Noticed Sigmund
   316 | D        | Killed Sigmund
   317 | D        | Reached XP level 5. HP: 24/24 MP: 10/10
   317 | D        | Reached XP level 6. HP: 28/28 MP: 11/11
   320 | D        | Learned a level 2 spell: Ensorcelled Hibernation
   324 | D        | Learned a level 3 spell: Confusing Touch
   328 | D        | Learned a level 3 spell: Tukima's Dance
   342 | D        | Found a shimmering blue altar of Sif Muna.
   343 | D        | Found an ornate altar of the Wu Jian Council.
   344 | D        | Found a radiant altar of Vehumet.
   380 | D        | Found Pomiph's General Store.
   380 | D        | Found an ancient bone altar of Kikubaaqudgha.
   380 | D        | Found a hazy altar of Hepliaklqana.
   380 | D        | Found a stormy altar of Qazlal.
   380 | D        | Found a hide-covered altar of Uskayaw.
   380 | D        | Found a blossoming altar of Fedhas.
   380 | D        | Found a bloodstained altar of Trog.
   380 | D        | Found an iron altar of Okawaru.
   380 | D        | Found a basalt altar of Yredelemnul.
   380 | D        | Found a glowing golden altar of the Shining One.
   380 | D        | Found a snail-covered altar of Cheibriados.
   380 | D        | Found a sacrificial altar of Ru.
   380 | D        | Found a glowing silver altar of Zin.
   380 | D        | Found a shadowy altar of Dithmenos.
   380 | D        | Found a white marble altar of Elyvilon.
   380 | D        | Noticed a yak
   381 | D        | Found an opulent altar of Gozag.
   382 | D        | Killed a yak
   383 | D        | Found a sparkling altar of Nemelex Xobeh.
   391 | D        | Became a worshipper of Dithmenos the Shadowed
   410 | D        | Found a burning altar of Makhleb.
   410 | D        | Found a shimmering altar of Xom.
   410 | D        | Noticed a slime creature
   411 | D        | Found a viscous altar of Jiyva.
   411 | D        | Found a corrupted altar of Lugonu.
   413 | D        | Killed a slime creature
   414 | D        | Reached skill level 4 in Dodging
   414 | D        | Reached skill level 5 in Hexes
   414 | D        | Reached XP level 7. HP: 32/32 MP: 11/14
   436 | D        | Noticed Sonja
   440 | D        | Killed Sonja
   441 | D        | Reached skill level 7 in Dodging
   441 | D        | Reached XP level 8. HP: 36/36 MP: 13/19
   459 | D        | Found Nyimuan's Magic Scroll Boutique.
   479 | D        | Noticed a deep troll
   483 | D        | Killed a deep troll
   483 | D        | Reached * piety under Dithmenos
   484 | D        | Reached skill level 9 in Dodging
   493 | D        | Found Veipp's Armour Emporium.
   503 | D        | Bought the +3 robe of Clouds {+Thunder rCloud rElec} for
                  | 386 gold pieces
   503 | D        | Found the +3 robe of Clouds {+Thunder rCloud rElec}
   571 | D        | Noticed a centaur warrior
   571 | D        | Noticed a centaur warrior
   572 | D        | Killed a centaur warrior
   573 | D        | Reached skill level 10 in Dodging
   573 | D        | Reached skill level 10 in Hexes
   573 | D        | Reached XP level 9. HP: 39/39 MP: 21/23
   573 | D        | Killed a centaur warrior
   573 | D        | Reached ** piety under Dithmenos
   574 | D        | Reached skill level 11 in Dodging
   574 | D        | Reached skill level 10 in Spellcasting
   601 | D        | Noticed an oklob plant
   603 | D        | Killed an oklob plant
   604 | D        | Reached skill level 10 in Short Blades
   611 | D        | Reached skill level 12 in Dodging
   613 | D        | Reached *** piety under Dithmenos
   614 | D        | Reached skill level 1 in Ice Magic
   614 | D        | Reached XP level 10. HP: 44/44 MP: 26/26
   657 | D        | Learned a level 3 spell: Dazzling Flash
   670 | D        | Reached **** piety under Dithmenos
   687 | D        | Reached ***** piety under Dithmenos
   697 | D        | Reached skill level 13 in Dodging
   722 | D        | Found Miuchenn's Weapon Shoppe.
   722 | D        | Found Xuilikakh's Distillery.
   722 | D        | Found Rerhug's Jewellery Boutique.
   724 | D        | Found Cumis's Assorted Antiques.
   724 | D        | Found Oxocin's Distillery.
   724 | D        | Found Lareliqa's Magic Scroll Shoppe.
   724 | D        | Found Vungifou's Weapon Boutique.
   724 | D        | Found Wylef's Magic Scroll Emporium.
   724 | D        | Found Vusoh's Weapon Shop.
   724 | D        | Found Neex's Weapon Shoppe.
   728 | D        | Found Zeppilim's Antique Armour Boutique.
   729 | D        | Found Janemisu's Book Emporium.
   729 | D        | Found Xebriuni's Distillery.
   731 | D        | Bought a crooked fluorescent wand for 84 gold pieces
   732 | D        | Found Qaen Fig's Antique Weapon Emporium.
   741 | D        | Bought a glowing dagger for 135 gold pieces
   757 | D        | Bought the ring "Gatuh" {rElec rF+ Will+} for 624 gold
                  | pieces
   896 | D        | Noticed a rust devil
   899 | D        | Reached ****** piety under Dithmenos
  1581 | D        | Reached skill level 14 in Dodging
  1581 | D        | Reached skill level 5 in Ice Magic
  1965 | D        | Noticed a lindwurm
  1969 | D        | Killed a lindwurm
  1991 | D        | Reached XP level 11. HP: 47/47 MP: 21/29
  2022 | D        | Reached skill level 15 in Dodging
  2523 | D        | Noticed a 12-headed hydra
  2525 | D        | Killed a 12-headed hydra
  2592 | D        | Noticed a shadow dragon
  2593 | D        | Noticed a golden dragon
  2594 | D        | Killed a shadow dragon
  2595 | D        | Reached skill level 16 in Dodging
  2595 | D        | Reached skill level 15 in Spellcasting
  2595 | D        | Reached skill level 15 in Hexes
  2595 | D        | Killed a golden dragon
  2596 | D        | Reached skill level 18 in Dodging
  2662 | D        | Found Lippios's Assorted Antiques.
  2767 | D        | Bought the +11 trident "Concordance" {venom, Fly rCorr} for
                  | 739 gold pieces
  2777 | D        | Bought a scroll of blinking for 90 gold pieces
  2784 | D        | Bought a potion of experience for 550 gold pieces
  2844 | D        | Noticed a shining eye
  2844 | D        | Noticed a shining eye
  2844 | D        | Noticed a shining eye
  2844 | D        | Noticed a shining eye
  2844 | D        | Noticed a shining eye
  2844 | D        | Noticed a shining eye
  2856 | D        | Killed a shining eye
  2871 | D        | Gained mutation: You are frail. (-10% HP) [a shining eye]
  2873 | D        | Killed a shining eye
  2874 | D        | Reached XP level 12. HP: 45/45 MP: 22/34
  3255 | D        | Lost mutation: You are frail. (-10% HP) [a shining eye]
  3289 | D        | Gained mutation: You sometimes lose the ability to read
                  | scrolls when taking damage. [a shining eye]
  3303 | D        | Reached skill level 19 in Dodging
  3339 | D        | Found Bigh's Jewellery Shop.
  3339 | D        | Found Mywybba's Antique Weapon Shoppe.
  3339 | D        | Found Jaulos's Antique Weapon Boutique.
  3339 | D        | Found Joegohos's Weapon Emporium.
  3349 | D        | Bought a ring of flight for 192 gold pieces
  3671 | D        | Noticed a daeva
  3791 | D        | Bought a potion of heal wounds for 55 gold pieces
  4309 | D        | Reached skill level 20 in Dodging
  4348 | D        | Noticed a fire giant
  4349 | D        | Noticed a fire giant
  4349 | D        | Noticed a fire giant
  4349 | D        | Noticed a fire giant
  4350 | D        | Killed a fire giant
  4352 | D        | Killed a fire giant
  4354 | D        | Killed a fire giant
  4355 | D        | Reached skill level 21 in Dodging
  4356 | D        | Killed a fire giant
  4577 | D        | Found the +4 dragonskin cloak
  4577 | D        | Noticed Tiamat
  4579 | D        | Got the Orb of Zot
  4649 | D        | Escaped with the Orb!

Illustrated notes

Levels and vault maps discovered:
D:        dungeon_sprint_1 [red_sonja_temple_1, red_sonja_temple_small_1]

Skill      XL: |  1  2  3  4  5  6  7  8  9 10 11 12 |
---------------+-------------------------------------+-----
Stealth        | 10 14 18 20 | 20.3
Short Blades   | 3 6 8 10 | 10.0
Dodging        | 4 7 10 12 14 18 21 | 21.6
Spellcasting   | 4 7 9 11 13 17 20 | 20.2
Hexes          | 5 7 10 11 13 15 | 15.0
Ice Magic      | 1 5 7 |  7.0

Action                   |  1- 3 |  4- 6 |  7- 9 | 10-12 || total
-------------------------+-------+-------+-------+-------++-------
Melee: Dagger            |    14 |     4 |     8 |    92 ||   118
Throw: Dart              |       |       |       |     6 ||     6
 Cast: Ensorcelled Hiber |       |       |       |    26 ||    26
       Dazzling Flash    |       |       |       |    20 ||    20
       Confusing Touch   |       |       |       |     1 ||     1
Invok: Shadow Step       |       |       |       |     7 ||     7
Evoke: Wand              |       |       |       |     4 ||     4
  Use: Potion            |     1 |       |       |     5 ||     6
       Scroll            |       |       |     1 |       ||     1
 Stab: Sleeping          |     2 |     4 |     8 |    53 ||    67
       Invisible         |       |       |       |    14 ||    14
Armor: Robe              |       |       |       |     2 ||     2
Dodge: Dodged            |     6 |       |       |    84 ||    90
